 Dungeon Crawl Stone Soup version 0.32-a0-329-ge6c31236d6 (webtiles) character file.

Game seed: 1385135866797071925

44801 SmokeWeed the Nimble (level 13, -7/67 HPs)
             Began as a Spriggan Enchanter on Feb 16, 2024.
             Was a Believer of Dithmenos.
             Mangled by a two-headed ogre
             ... wielding a +0 giant club
              (30 damage)
             ... on level 9 of the Dungeon.
             The game lasted 00:56:57 (10803 turns).

SmokeWeed the Nimble (Spriggan Enchanter)          Turns: 10803, Time: 00:56:58

Health: -7/67      AC:  7    Str:  5    XL:     13   Next: 98%
Magic:  9/26       EV: 23    Int: 21    God:    Dithmenos [**....]
Gold:   520        SH:  0    Dex: 13    Spells: 15/29 levels left

rFire   . . .        f - +3 short sword (flame)
rCold   . . .        (no shield)
rNeg    . . .        b - +1 robe
rPois   .            (helmet restricted)
rElec   .            (no cloak)
rCorr   .            (gloves unavailable)
SInv    +            (boots unavailable)
Will    ++...        (no amulet)
Stlth   ++++++       G - ring of wizardry
HPRegen 0.00/turn    z - +4 ring of protection
MPRegen 0.20/turn

%: wizardry (x1)
@: inhibited regen, wreathed by umbra, very quick
A: very small, no large weapons, unfitting armour, see invisible, speed 3,
clever 1, clumsy 1, inhibited regeneration, weak 1
a: Renounce Religion, Shadow Step


You were on level 9 of the Dungeon.
You worshipped Dithmenos.
Dithmenos was pleased with you.
You visited 2 branches of the dungeon, and saw 11 of its levels.
You also visited: Bailey.

You collected 520 gold pieces.

Inventory:

Hand Weapons
 a - a +1 dagger of chaos
 d - a +4 whip
 f - a +3 short sword of flaming (weapon)
 y - a +3 trident of draining
 B - a +2 shortbow of electrocution
 L - a +2 short sword of freezing
 M - a +3 falchion
Missiles
 h - 3 boomerangs
 i - 11 poisoned darts
Armour
 b - a +1 robe (worn)
 C - an orb of energy
Jewellery
 p - a +5 ring of evasion
 z - a +4 ring of protection (right hand)
 G - a ring of wizardry (left hand)
Talismans
 n - a dragon-blood talisman
Wands
 j - a wand of flame (20)
 u - a wand of polymorph (11)
 D - a wand of paralysis (8)
Scrolls
 e - 3 scrolls of immolation
 g - 3 scrolls of amnesia
 s - 2 scrolls of fog
 w - a scroll of revelation
 x - a scroll of poison
 A - 2 scrolls of vulnerability
Potions
 c - 3 potions of invisibility
 l - 3 potions of curing
 m - 7 potions of heal wounds
 q - a potion of lignification
 r - a potion of resistance
 t - 4 potions of haste
 v - 2 potions of might
 E - a potion of degeneration {unknown}
 F - a potion of ambrosia {unknown}
 H - a potion of berserk rage {unknown}
 I - 2 potions of magic {unknown}
 J - a potion of cancellation {unknown}
 K - a potion of attraction {unknown}


   Skills:
 + Level 7.1 Fighting
 + Level 4.9 Short Blades
 + Level 1.7 Ranged Weapons
 * Level 12.4 Dodging
 + Level 11.2 Stealth
 + Level 8.5 Spellcasting
 + Level 3.9 Conjurations
 + Level 8.2 Hexes
 + Level 4.0 Ice Magic
 * Level 2.2 Air Magic
 + Level 4.3 Alchemy
 + Level 1.2 Evocations
 * Level 12.1 Shapeshifting


You had 15 spell levels left.
You knew the following spells:

 Your Spells              Type           Power      Damage    Failure   Level
a - Ensorcelled Hibernat  Hex/Ice        68%        N/A       1%          2
b - Tukima's Dance        Hex            43%        N/A       1%          3
c - Dazzling Flash        Conj/Hex       68%        N/A       1%          3
d - Mephitic Cloud        Conj/Alch/Air  23%        N/A       2%          3
e - Confusing Touch       Hex            43%        N/A       1%          3

Your spell library contained the following spells:

 Spells                   Type           Power      Damage    Failure   Level
 Mercury Vapours          Alch/Air       44%        N/A       1%          2
 Sandblast                Erth           16%        2d6       3%          1
 Stone Arrow              Conj/Erth      34%        3d9       4%          3
 Passwall                 Erth           8%         N/A       9%          3
 Brom's Barrelling Bould  Conj/Erth      17%        2d4       13%         4
 Freezing Cloud           Conj/Ice/Air   11%        6-21      21%         5


Dungeon Overview and Level Annotations

Branches:
Dungeon (10/15)            Temple (1/1) D:7          Bailey (visited)
   Lair: D:8-11         Orc: D:9-12

Altars:
Ashenzari
Cheibriados
Dithmenos
Elyvilon
Fedhas
Gozag
Hepliaklqana
Kikubaaqudgha
Makhleb
Nemelex Xobeh
Okawaru
Qazlal
Ru
Sif Muna
Trog
Uskayaw
Vehumet
Wu Jian
Xom
Yredelemnul
Zin
The Shining One

Shops:
D:1 ::   D:3 [   D:4 :   D:5 *   D:7 *


Innate Abilities, Weirdness & Mutations

You are very small and have problems with some larger weapons.
You are too small for most types of armour.
You have supernaturally acute eyesight. (SInv)
You cover ground extremely quickly. (Speed+++)
Your mind is acute. (Int +4, Str/Dex -1)
You are clumsy. (Dex -2)
You do not regenerate when monsters are visible.
You are weak. (Str -2)


Message History

Confirm with . or Enter, or press ? or * to list all spells.
Aiming: Mephitic Cloud (dangerous; 2% risk of failure)
Press: ? - help, Shift-Dir - straight line, p - yak The ball explodes into a vile cloud!
The stinking cloud engulfs the yak.
The stinking cloud engulfs the two-headed ogre.
The two-headed ogre is heavily wounded.
The stinking cloud engulfs the yak.
The yak is severely wounded.
The yak is engulfed in noxious fumes.
The yak appears confused.
The two-headed ogre is engulfed in noxious fumes.
The yak is engulfed in noxious fumes.
The yak appears confused.
You hit the yak. You burn the yak.
The yak is almost dead.
The yak completely misses you.
You hit the yak. You burn the yak.
You kill the yak!
Dithmenos accepts your kill.
The two-headed ogre seems less confused.
The yak is engulfed in noxious fumes.
The yak appears confused.
Casting: Mephitic Cloud (dangerous; 2% risk of failure)
Confirm with . or Enter, or press ? or * to list all spells.
Aiming: Tukima's Dance (safe; 1% risk of failure)
Press: ? - help, Shift-Dir - straight line, f - two-headed ogre
Aim: a two-headed ogre, wielding a +0 giant club and a +0 giant spiked club (heavily wounded, chance to affect: 50%)
The two-headed ogre resists with some effort.
Casting: Tukima's Dance (safe; 1% risk of failure)
Confirm with . or Enter, or press ? or * to list all spells.
Aiming: Tukima's Dance (safe; 1% risk of failure)
Press: ? - help, Shift-Dir - straight line, f/p - two-headed ogre
Aim: a two-headed ogre, wielding a +0 giant club and a +0 giant spiked club (heavily wounded, chance to affect: 50%)
The +0 giant spiked club dances into the air!
Casting: Tukima's Dance (safe; 1% risk of failure)
Confirm with . or Enter, or press ? or * to list all spells.
Aiming: Tukima's Dance (safe; 1% risk of failure)
Press: ? - help, Shift-Dir - straight line, f/p - two-headed ogre
Aim: a two-headed ogre, wielding a +0 giant club (heavily wounded, ally target, umbra, chance to affect: 50%)
The two-headed ogre resists with some effort.
The two-headed ogre attacks as it pursues you!
The two-headed ogre hits you with a +0 giant club!!
You die...

#.#....#.....# #......#.#
####.~~####.O...# #...##.#.#####
#).P~~♣.Y.Y.....# ###...........
#...♣~~.###....## #.#.<....†..
#.##~~~.# #....# #.#.........
..#####.# #....# #...........
#######.######## ####.##########
.....#......# ####....### #
)....#......# ##@...#....## #
.)).[#..Y...###O.#.....#..## #
..)..'..?..O##.##.#.###.##.## #
..(..#.....†#.##.⌠.###.♣.##.#####
.....#......(####.###.#.####...##
.....#.......#.###.#.###.#.#.....
.....#......#.⌠.###.ß.###.⌠.#.###
######.......#.#.###.#.###.#..# #
#.......####.###.#.####.## #


You could see a two-headed ogre (ally target) and a friendly +0 giant spiked
club.

Vanquished Creatures
  A troll (D:10)
  Sigmund (D:2)
  2 shadows (D:10)
  A vampire (D:9)
  17 yaks
  3 steam dragons
  3 water moccasins
  Duvessa (D:5)
  2 orc warriors
  4 ice beasts
  2 sky beasts
  An ogre (D:6)
  4 centaurs
  A phantom (D:5)
  A kobold brigand (D:9)
  2 bullfrogs
  A scorpion (D:5)
  4 wights
  Dowan (D:5)
  6 killer bees
  4 howler monkeys
  2 hounds
  4 bombardier beetles
  7 orc priests
  2 sleepcaps
  11 orc wizards
  3 iguanas
  17 gnolls
  3 adders
  A white imp (D:7)
  4 ufetubi
  3 dart slugs
  A ribbon worm (D:2)
  42 orcs
  5 ball pythons
  2 bats
  9 endoplasms
  A giant cockroach (D:1)
  5 goblins
  6 hobgoblins
  10 kobolds
  6 quokkas
  A frilled lizard (D:2)
  2 rats
209 creatures vanquished.

Vanquished Creatures (collateral kills)
  A two-headed ogre (D:8)
  Joseph (D:8)
  Jeremiah (D:7)
  An ogre (D:5)
  6 wights
  2 gnolls (Bailey)
  An orc (D:8)
13 creatures vanquished.

Vanquished Creatures (others)
  10 dancing weapons
10 creatures vanquished.

Grand Total: 232 creatures vanquished

Notes
Turn   | Place    | Note
-------+----------+-------------------------------------------
     0 | D:1      | SmokeWeed the Spriggan Enchanter began the quest for the
                  | Orb.
     0 | D:1      | Reached XP level 1. HP: 9/9 MP: 5/5
   196 | D:1      | Found a faded altar of an unknown god.
   311 | D:1      | Reached XP level 2. HP: 13/13 MP: 6/6
   353 | D:1      | Learned a level 2 spell: Ensorcelled Hibernation
   470 | D:1      | Reached skill level 5 in Stealth
   570 | D:1      | Reached XP level 3. HP: 16/16 MP: 8/8
   577 | D:1      | Found Oduhouf's Book Boutique.
   742 | D:1      | Found Umucaen's Book Shoppe.
  1288 | D:2      | Reached XP level 4. HP: 16/21 MP: 9/9
  1439 | D:2      | Noticed Sigmund
  1529 | D:2      | Killed Sigmund
  1530 | D:2      | Reached skill level 1 in Ice Magic
  1530 | D:2      | Reached XP level 5. HP: 23/25 MP: 1/11
  2338 | D:3      | Reached XP level 6. HP: 29/29 MP: 7/12
  2918 | D:3      | Learned a level 3 spell: Tukima's Dance
  3502 | D:3      | Found Weemoobb's Armour Boutique.
  3694 | D:4      | Learned a level 3 spell: Dazzling Flash
  3754 | D:4      | Reached XP level 7. HP: 32/32 MP: 14/14
  3955 | D:4      | Reached skill level 5 in Hexes
  4277 | D:4      | Found Humnur's Book Emporium.
  4290 | D:4      | Learned a level 3 spell: Mephitic Cloud
  4465 | D:5      | Entered Level 5 of the Dungeon
  4480 | D:5      | Reached skill level 1 in Conjurations
  4677 | D:5      | Reached skill level 5 in Spellcasting
  4740 | D:5      | Found Houl's Humungous Hoard.
  5016 | D:5      | Reached XP level 8. HP: 37/37 MP: 13/16
  5073 | D:5      | Noticed Duvessa
  5075 | D:5      | Noticed Dowan
  5093 | D:5      | Killed Duvessa
  5115 | D:5      | Killed Dowan
  5116 | D:5      | Reached skill level 1 in Fighting
  5524 | D:5      | Learned a level 3 spell: Confusing Touch
  5653 | D:6      | Reached skill level 1 in Alchemy
  5704 | D:6      | Reached skill level 1 in Shapeshifting
  6458 | D:6      | Reached XP level 9. HP: 41/41 MP: 19/19
  6740 | D:7      | Found a shimmering altar of Xom.
  6741 | D:7      | Found a blossoming altar of Fedhas.
  6742 | D:7      | Found an ancient bone altar of Kikubaaqudgha.
  6742 | D:7      | Found an opulent altar of Gozag.
  6850 | D:7      | Reached skill level 1 in Ranged Weapons
  6944 | D:7      | Found Limef's Overcharged Wands.
  7011 | D:7      | Found a staircase to the Ecumenical Temple.
  7019 | D:7      | Noticed Jeremiah
  7021 | Temple   | Entered the Ecumenical Temple
  7210 | D:7      | Killed Jeremiah
  7211 | D:7      | Reached skill level 5 in Dodging
  7243 | Temple   | Became a worshipper of Dithmenos the Shadowed
  7754 | D:8      | Found a flagged portal.
  7764 | Bailey   | Entered a bailey
  7882 | Bailey   | Reached skill level 1 in Evocations
  8546 | D:8      | Noticed Joseph
  8578 | D:8      | Killed Joseph
  8578 | D:8      | Reached * piety under Dithmenos
  8579 | D:8      | Reached XP level 10. HP: 46/46 MP: 1/22
  8774 | D:8      | Noticed a two-headed ogre
  8778 | D:8      | Killed a two-headed ogre
  8779 | D:8      | Reached skill level 10 in Stealth
  8779 | D:8      | Reached skill level 5 in Shapeshifting
  9307 | D:9      | Reached skill level 1 in Air Magic
  9584 | D:9      | Reached ** piety under Dithmenos
 10193 | D:9      | Reached XP level 11. HP: 49/49 MP: 24/24
 10228 | D:10     | Entered Level 10 of the Dungeon
 10233 | D:9      | Reached XP level 12. HP: 56/63 MP: 25/25
 10234 | D:9      | Reached XP level 13. HP: 60/67 MP: 26/26
 10290 | D:10     | Found a broken altar of Ashenzari.
 10752 | D:9      | Gained mutation: You occasionally lose the ability to drink
                  | potions when taking damage. [potion of mutation]
 10752 | D:9      | Gained mutation: Your flesh is heat resistant. (rF+)
                  | [potion of mutation]
 10752 | D:9      | Gained mutation: You are agile. (Dex +4, Str/Int -1)
                  | [potion of mutation]
 10753 | D:9      | Lost mutation: Your flesh is heat resistant. (rF+) [potion
                  | of mutation]
 10753 | D:9      | Lost mutation: You occasionally lose the ability to drink
                  | potions when taking damage. [potion of mutation]
 10753 | D:9      | Gained mutation: You have large cloven feet. [potion of
                  | mutation]
 10753 | D:9      | Gained mutation: You have hoof-like feet. [potion of
                  | mutation]
 10753 | D:9      | Gained mutation: You expend magic power (3 MP) to
                  | strengthen your wands. [potion of mutation]
 10754 | D:9      | Lost mutation: You have hoof-like feet. [potion of
                  | mutation]
 10754 | D:9      | Lost mutation: You are agile. (Dex +4, Str/Int -1) [potion
                  | of mutation]
 10754 | D:9      | Gained mutation: Your mind is acute. (Int +4, Str/Dex -1)
                  | [potion of mutation]
 10754 | D:9      | Gained mutation: You have hidden genetic potential. [potion
                  | of mutation]
 10755 | D:9      | Lost mutation: You expend magic power (3 MP) to strengthen
                  | your wands. [potion of mutation]
 10755 | D:9      | Lost mutation: You have hidden genetic potential. [potion
                  | of mutation]
 10755 | D:9      | Gained mutation: You occasionally shout uncontrollably at
                  | your foes. [potion of mutation]
 10755 | D:9      | Lost mutation: Your mind is acute. (Int +4, Str/Dex -1)
                  | [potion of mutation]
 10755 | D:9      | Gained mutation: Armour fits poorly on your strangely
                  | shaped body. [potion of mutation]
 10756 | D:9      | Lost mutation: Armour fits poorly on your strangely shaped
                  | body. [potion of mutation]
 10756 | D:9      | Lost mutation: You have large cloven feet. [potion of
                  | mutation]
 10756 | D:9      | Lost mutation: You occasionally shout uncontrollably at
                  | your foes. [potion of mutation]
 10756 | D:9      | Gained mutation: You are clumsy. (Dex -2) [potion of
                  | mutation]
 10756 | D:9      | Gained mutation: You do not regenerate when monsters are
                  | visible. [potion of mutation]
 10756 | D:9      | Gained mutation: You are weak. (Str -2) [potion of
                  | mutation]
 10756 | D:9      | Gained mutation: Your mind is acute. (Int +4, Str/Dex -1)
                  | [potion of mutation]
 10803 | D:9      | Mangled by a two-headed ogre

Illustrated notes

Levels and vault maps discovered:
D:1:      dpeg_arrival_water_fire, layout_basic, serial_shops,
          nicolae_book_shop_shelving, nicolae_shop_pleasant_corner_grove,
          hellmonk_ecumenical_altar_crossroads, minmay_cupped
D:2:      layout_rooms, serial_rivers, chequers_serial_rivers_marsh,
          chequers_serial_rivers_micro_b, chequers_serial_rivers_micro_b,
          chequers_serial_rivers_micro_a, chequers_serial_rivers_room_b,
          minmay_3d_cube, uniq_sigmund
D:3:      layout_loops_corners, serial_bayou, serial_bayou_crossing,
          serial_bayou_shore_b, serial_bayou_pond_d, serial_bayou_pond_a,
          serial_shops, nicolae_shop_scrapyard
D:4:      layout_loops_ring, serial_shops, nicolae_shop_tiny_waterfront
D:5:      layout_rooms, serial_library_hellmonk_angled_corner,
          nicolae_alphabet_shops, chequers_serial_rivers_small_a, uniq_duvessa
D:6:      layout_gridville
D:7:      layout_basic, chequers_temple_overflow_statue_of_worship,
          minmay_temple_entry_glass, nicolae_shop_overcharged_wands,
          uniq_jeremiah
D:8:      layout_loops_corners, enter_bailey_2, st_stairs_14,
          minmay_misc_feat_hallway, uniq_joseph
D:9:      layout_basic, grunt_decor_mini_mirrors, serial_bayou_pond_d,
          kennysheep_decorative_pillar
D:10:     layout_rooms, amcnicky_altar_gilded, serial_shops, nicolae_shop_trees,
          nzn_sisyphean_effort
Temple:   sentei_temple_godly_chess

Skill      XL: |  1  2  3  4  5  6  7  8  9 10 11 12 13 |
---------------+----------------------------------------+-----
Dodging        | 3 4 5 6 12 | 12.4
Spellcasting   | 3 4 5 6 7 8 |  8.5
Stealth        | 5 6 7 8 9 11 | 11.2
Hexes          | 4 5 6 7 8 |  8.2
Short Blades   | 2 3 4 |  4.9
Ice Magic      | 1 2 3 4 |  4.0
Conjurations   | 1 2 3 |  3.9
Fighting       | 1 7 |  7.1
Alchemy        | 2 3 4 |  4.3
Shapeshifting  | 2 4 12 | 12.1
Ranged Weapons | 1 |  1.7
Evocations     | 1 |  1.2
Air Magic      | 1 2 |  2.2

Action                     |  1- 3 |  4- 6 |  7- 9 | 10-12 | 13-15 || total
---------------------------+-------+-------+-------+-------+-------++-------
  Melee: Short sword       |    72 |    76 |   194 |    96 |    49 ||   487
   Fire: Shortbow          |       |       |    32 |       |       ||    32
   Cast: Ensorcelled Hiber |     7 |    33 |    68 |    25 |    19 ||   152
         Tukima's Dance    |       |     5 |    19 |     6 |    14 ||    44
         Dazzling Flash    |       |       |     5 |     2 |     1 ||     8
         Confusing Touch   |       |       |     7 |     1 |       ||     8
         Mephitic Cloud    |       |       |     2 |     3 |     3 ||     8
  Evoke: Wand              |       |       |     4 |     4 |       ||     8
    Use: Scroll            |       |     9 |    10 |     2 |     1 ||    22
         Potion            |       |       |     2 |     3 |     5 ||    10
   Stab: Sleeping          |     7 |    24 |    67 |    18 |    12 ||   128
         Distracted        |     1 |       |       |     1 |     1 ||     3
         Invisible         |       |       |     2 |     2 |       ||     4
         Confused          |       |       |     4 |     4 |       ||     8
 Armour: Robe              |    14 |    11 |    42 |    17 |    30 ||   114
  Dodge: Dodged            |    46 |    54 |   210 |    79 |   105 ||   494
   Form: Dragon            |       |       |       |     1 |       ||     1
                           |       |       |       |       |     1 ||     1

Table legend: (Time is in decaauts)
 A = Elapsed time spent in this place.
 B = Non-inter-level travel time spent in this place.
 C = Inter-level travel time spent in this place.
 D = Time resting spent in this place.
 E = Time spent auto-exploring this place.
 F = Levels seen in this place.
 G = Mean time per level.
                   A        B        C        D        E       F      G
               +--------+--------+--------+--------+--------+-----+--------+
         Total |   8087 |   7923 |    164 |   1506 |   4373 |  12 |  673.9 |
       Dungeon |   7647 |   7483 |    164 |   1307 |   4373 |  10 |  764.7 |
        Temple |    176 |    176 |      0 |    149 |      0 |   1 |  176.0 |
        Bailey |    263 |    263 |      0 |     50 |      0 |   1 |  263.0 |
               +--------+--------+--------+--------+--------+-----+--------+

Top non-repeatable levels by time:
     D:9: 1162 daAuts
     D:3: 1012 daAuts
     D:2: 987 daAuts
     D:5: 934 daAuts
     D:8: 852 daAuts
     D:6: 812 daAuts
     D:1: 710 daAuts
     D:4: 558 daAuts
     D:7: 545 daAuts
  Bailey: 263 daAuts
  Temple: 176 daAuts
    D:10: 72 daAuts
